AoeStats
← Lost My Scout

MegaRandom

510225112Analyzed
4v4 RM · 1d ago on Sep 30, 2026· 57m 55s· 8 players
Game mode
Random Map
Map size
Large (8 player)
Population
200
Speed
Normal
Resources
Standard
Victory
Conquest
Starting age
Dark Age
Ending age
Imperial Age
RankedLock teamsTeams togetherTeam positionsShared explorationLock speedFull tech treeHidden civsTurbo modeCheats
Victory
Defeat
🇺🇸 Franks · United States
850
+15
🇨🇴 Goths · Colombia
835
+15
🇺🇸 Franks · United States
823
+16
🇺🇸 Magyars · United States
819
+16
🇨🇳 Khmer · China
910
-19
🇲🇽 Saracens · Mexico
909
-19
🇺🇸 Malians · United States
757
-13
709
-11
IdocOhThree
0:32 Loom
11:20 Feudal Age
12:11 Double-Bit Axe
14:14 Wheelbarrow
20:09 Castle Age
18:44 Forging
19:17 Scale Barding Armor
21:03 Bow Saw
22:28 Town Watch
29:04 Imperial Age
29:07 Husbandry
31:52 Fortified Wall
33:56 Cavalier
36:20 Iron Casting
36:05 Chain Barding Armor
35:40 Paladin
38:14 Blast Furnace
37:50 Plate Barding Armor
45:19 Hand Cart
45:05 Town Patrol
45:11 Caravan
47:05 Chemistry
46:26 Ballistics
46:02 Murder Holes
46:15 Treadmill Crane
49:38 Conscription
49:20 Chivalry
ChewedGizmo
13:56 Feudal Age
15:39 Double-Bit Axe
21:09 Castle Age
22:10 Thumb Ring
22:02 Fletching
24:17 Bodkin Arrow
26:22 Ballistics
26:39 Padded Archer Armor
36:15 Leather Archer Armor
38:44 Imperial Age
40:26 Chemistry
39:42 Recurve Bow
40:12 Parthian Tactics
39:54 Bracer
40:10 Leather Archer Armor
40:49 Husbandry
41:00 Bloodlines
41:55 Heavy Cavalry Archer
47:08 Corvinian Army
46:30 Elite Magyar Huszar
Lost My Scout
0:45 Loom
14:21 Feudal Age
15:19 Fishing Lines
16:23 Wheelbarrow
15:34 Town Watch
15:42 Arson
15:45 Double-Bit Axe
16:06 Gold Mining
16:26 Stone Mining
20:22 Scale Barding Armor
20:28 Forging
24:22 Castle Age
23:29 Padded Archer Armor
23:33 Scale Mail Armor
23:24 Fletching
25:44 Gillnets
26:13 Bow Saw
26:38 Town Patrol
27:21 Hand Cart
28:02 Husbandry
27:24 Light Cavalry
30:38 Fervor
30:24 Herbal Medicine
30:29 Devotion
33:47 Imperial Age
34:08 Squires
34:11 Caravan
34:39 Chain Barding Armor
34:15 Bodkin Arrow
34:56 Iron Casting
34:36 Chain Mail Armor
36:11 Gold Shaft Mining
36:06 Conscription
35:31 Cavalier
35:58 Treadmill Crane
36:14 Murder Holes
36:31 Masonry
37:38 Chemistry
37:45 Ballistics
40:41 Plate Barding Armor
41:07 Blast Furnace
41:29 Hoardings
40:53 Arrowslits
41:40 Architecture
41:16 Siege Engineers
42:30 Chivalry
41:54 Paladin
47:42 Plate Mail Armor
46:40 Pikeman
estebanlozanop
0:31 Loom
Zukomazi
0:44 Loom
LRNI_TUNAK TUNAK OLAF ROJO
6:00 Loom
13:00 Feudal Age
16:21 Wheelbarrow
21:10 Castle Age
20:50 Horse Collar
20:58 Double-Bit Axe
22:14 Bow Saw
25:07 Hand Cart
26:15 Pikeman
37:57 Scale Mail Armor
VicRoldanG
1:39 Loom
12:00 Feudal Age
12:31 Double-Bit Axe
14:39 Wheelbarrow
13:58 Gold Mining
17:21 Horse Collar
18:19 Fishing Lines
21:51 Castle Age
20:39 Forging
21:16 Stone Mining
21:52 Scale Barding Armor
23:04 Gillnets
25:28 Bow Saw
26:09 Bloodlines
26:22 Chain Barding Armor
27:55 Husbandry
31:54 Coinage
31:25 Caravan
37:43 Imperial Age
35:30 Hand Cart
37:02 Iron Casting
38:05 Gold Shaft Mining
38:03 Heavy Camel Rider
39:46 Blast Furnace
39:43 Elite Mameluke
40:44 Conscription
41:10 Plate Barding Armor
42:30 Fletching
42:04 Capped Ram
43:08 Light Cavalry
50:30 Town Watch
50:42 Hussar
電動遊戯
Connection lost

Rejoining the realm…

Still unreachable

The connection could not be restored.

Session expired

The server has moved on; the page needs a fresh start.